 Dungeon Crawl Stone Soup version 0.31-a0-175-g9f7f995f2b (webtiles) character file.

Game seed: 17320636641801379606

184382 qw the Severer (level 18, -19/114 HPs)
             Began as a Gargoyle Fighter on June 17, 2023.
             Was a High Priest of Okawaru.
             Demolished by a nine-headed hydra (20 damage)
             ... called by a spriggan druid
             ... called by a spriggan druid
             ... on level 4 of the Swamp.
             The game lasted 00:20:24 (32953 turns).

qw the Severer (Gargoyle Fighter)                  Turns: 32953, Time: 00:20:25

Health: -19/114    AC: 41    Str: 27    XL:     18   Next: 40%
Magic:  23/24      EV: 15    Int:  8    God:    Okawaru [*****.]
Gold:   463        SH: 21    Dex:  8    Spells: 17/17 levels left

rFire   + . .        C - +2 broad axe (vamp)
rCold   x . .        g - +0 tower shield
rNeg    + . .        u - +0 plate armour
rPois   inf          a - +2 helmet
rElec   +            B - +2 cloak
rCorr   +            i - +0 pair of gloves
SInv    .            (no boots)
Will    +....        l - amulet of faith Stlth
                     b - +5 ring of evasion
HPRegen 0.39/turn    p - ring "Amamuf" {rF+ rCorr Int-5 Slay+2}
MPRegen 0.19/turn

%: faith
@: heroic, flying, unable to read
A: sickness immunity, AC +13, big wings, negative energy resistance 1,
electricity resistance, torment resistance 1, petrification resistance, clever
1, low MP 1, sense surroundings 1, cold vulnerability 1, inability to read after
injury 2, MP-powered wands
a: Renounce Religion, Heroism, Finesse, Duel


You were on level 4 of the Swamp.
You worshipped Okawaru.
Okawaru was extremely pleased with you.
You visited 6 branches of the dungeon, and saw 30 of its levels.
You also visited: Ossuary.

You collected 2963 gold pieces.
You spent 2500 gold pieces at shops.


Innate Abilities, Weirdness & Mutations

You are immune to sickness and miasma.
Your stone body is resilient. (AC +13)
You are immune to poison.
Your large and strong wings let you fly.
You resist negative energy. (rN+)
You are resistant to electric shocks. (rElec)
You are resistant to unholy torment.
You are immune to petrification.
Your mind is acute. (Int +4, Str/Dex -1)
Your magical capacity is low. (-10% MP)
You passively map a small area around you.
You are vulnerable to cold. (rC-)
You sometimes lose the ability to read scrolls when taking damage.
You expend magic power (3 MP) to strengthen your wands.


   Skills:
 + Level 13.2(18.2) Fighting
 - Level 18.0(23.0) Axes
 - Level 7.0(12.0) Throwing
 - Level 13.0(18.0) Armour
 - Level 3.0(8.0) Dodging
 - Level 17.8(22.8) Shields
 - Level 11.5 Invocations


You had 17 spell levels left.
You didn't know any spells.
Your spell library was empty.

Inventory:

Hand Weapons
 C - a +2 vampiric broad axe (weapon)
 F - a +0 broad axe
 I - a +2 vampiric broad axe
Missiles
 c - 2 javelins
 k - 9 boomerangs (quivered)
 A - 2 silver javelins
Armour
 a - a +2 helmet (worn)
 g - a +0 tower shield (worn)
 i - a +0 pair of gloves (worn)
 s - +0 acid dragon scales
 u - a +0 plate armour (worn)
 B - a +2 cloak (worn)
Jewellery
 b - a +5 ring of evasion (left hand)
 h - a ring of protection from cold
 l - an amulet of faith (around neck)
 m - an amulet of reflection
 p - the ring "Amamuf" (right hand) {rF+ rCorr Int-5 Slay+2}
   (You found it on level 9 of the Dungeon)

   [ring of resist corrosion]

   Int:       It affects your intelligence (-5).
   Slay:      It affects your accuracy & damage with ranged weapons and melee
   (+2).
   rF:        It protects you from fire.
   rCorr:     It protects you from acid and corrosion.
 v - a ring of ice
 J - a +5 ring of evasion
 K - a ring of fire
Wands
 y - a wand of digging (11)
Scrolls
 q - 12 scrolls of identify
 w - 4 scrolls of teleportation
Potions
 d - 3 potions of might
 e - 6 potions of lignification
 f - a potion of attraction
 j - 7 potions of enlightenment
 n - 10 potions of curing
 o - 6 potions of resistance
 r - 6 potions of haste
 z - 6 potions of heal wounds

Dungeon Overview and Level Annotations

Branches:
Dungeon (15/15)            Temple (1/1) D:7            Lair (5/5) D:11
  Swamp (4/4) Lair:3       Spider (3/4) Lair:3        Slime (0/5) Lair:5
    Orc (2/2) D:9             Elf (0/3) Orc:2        Vaults (0/5) D:13
 Depths (0/4) D:15        Ossuary (visited)

Altars:
Ashenzari
Cheibriados
Dithmenos
Elyvilon
Fedhas
Gozag
Hepliaklqana
Kikubaaqudgha
Makhleb
Nemelex Xobeh
Okawaru
Qazlal
Ru
Sif Muna
Trog
Uskayaw
Vehumet
Wu Jian
Xom
Yredelemnul
Zin
The Shining One
Jiyva

Shops:
D:5 !   D:7 (   D:15 *   Orc:2 =?*=

Portals:
Trove: D:11 (give 6 scrolls of fear)

Annotations:
D:4 1 runed translucent door, Crazy Yiuf


Message History

The seven-headed hydra grows two more!
You slash the nine-headed hydra!
You feel better.
You hit the swamp dragon.
You feel better.
You slice the swamp dragon!!
You kill the swamp dragon!
Okawaru accepts your kill.
You hit the swamp dragon.
You block the swamp dragon's attack. x2; The swamp dragon closely misses you.
You block the swamp dragon's attack. The swamp dragon barely misses you.
The swamp dragon tramples you!
You are shoved backwards!
You block the nine-headed hydra's attack.
The nine-headed hydra bites you!!
You block the nine-headed hydra's attack.
The nine-headed hydra bites you! The nine-headed hydra bites you.
The nine-headed hydra barely misses you.
The nine-headed hydra closely misses you.
The nine-headed hydra bites you but does no damage. x2
32953 ||| DRINKING 7 potions of heal wounds.
You feel much better. You block the 14-headed hydra's attack.
The 14-headed hydra misses you. You block the 14-headed hydra's attack.
The 14-headed hydra bites you.
The 14-headed hydra bites you but does no damage.
The 14-headed hydra completely misses you.
You block the 14-headed hydra's attack. x2; The 14-headed hydra bites you.
You block the 14-headed hydra's attack.
The 14-headed hydra bites you but does no damage.
The 14-headed hydra barely misses you. The 14-headed hydra bites you!
You block the 14-headed hydra's attack. The swamp dragon misses you.
The swamp dragon barely misses you. The swamp dragon closely misses you.
The swamp dragon breathes poison at you.
The blast of poison engulfs you but does no damage.
You resist.
The nine-headed hydra bites you but does no damage.
The nine-headed hydra bites you!
The nine-headed hydra completely misses you.
You block the nine-headed hydra's attack.
The nine-headed hydra closely misses you.
The nine-headed hydra bites you!
You block the nine-headed hydra's attack.
The nine-headed hydra bites you!!
You die... ~ ~ ~~ * .~~~~~ ~ * *.~~~~.. .~~~~~. ~ ~~~~~~¤ 777~....~ ~ 7..0.0... ~ 70D)07

*7~ 7@D0~77
7.. ,
70D)0077¤~.
70D00.....7 7
770¤00.~777~,
7.0~~.77~~~
77.~~..~7
7.~~~~77 *
7...~~.777
77~.~~~.~77


You could see a 14-headed hydra (strong), a nine-headed hydra (strong) and 2
swamp dragons.

Vanquished Creatures
  Arachne (Spider:2)
  Jorgrun (Swamp:3)
  Gastronok (Lair:2)
  2 fenstrider witches
  An emperor scorpion (Spider:3)
  A cacodemon (Spider:2)
  2 broodmothers (Spider:3)
  A stone giant (D:15)
  3 eleionomae
  5 bunyips
  Josephine (Lair:5)
  6 entropy weavers
  An entropy weaver (shapeshifter) (D:13)
  2 shambling mangroves
  Fannar (Lair:2)
  17 hydras
  2 ogre magi
  2 radroaches
  A jorogumo (Spider:2)
  9 two-headed ogres
  11 alligators
  A centaur warrior (D:13)
  3 boulder beetles
  8 tengu warriors
  5 death yaks (Lair:5)
  8 demonic crawlers
  2 pharaoh ants (Spider:2)
  Amaemon (Lair:2)
  3 skysharks
  4 goliath frogs
  7 spriggan druids
  9 orb spiders
  3 bog bodies
  4 swamp dragons
  5 orc knights
  6 steelbarb worms
  17 wolf spiders
  3 deep elf pyromancers
  A will-o-the-wisp (Swamp:3)
  2 cyclopes
  17 ugly things
  An orc sorcerer (Orc:1)
  A manticore (D:13)
  3 black mambas
  8 elephants (Lair:4)
  Maurice (D:9)
  2 gargoyles
  A guardian serpent (D:12)
  2 torpor snails
  2 unseen horrors (D:12)
  Maggie (D:8)
  10 cane toads
  An orange demon (Lair:2)
  4 rime drakes
  A kobold demonologist (D:11)
  10 komodo dragons
  A tengu conjurer (D:14)
  5 trolls
  3 meliai (D:15)
  A queen bee (shapeshifter) (D:14)
  14 hornets
  A bloated husk (Swamp:3)
  8 polar bears
  Prince Ribbit (D:8)
  26 tarantellas
  25 blink frogs
  7 tyrant leeches
  3 slime creatures (D:15)
  7 dream sheep
  18 culicivoras
  3 wyverns
  22 spriggans
  15 jumping spiders
  40 yaks
  2 vampires
  Eustachio (D:5)
  7 basilisks
  4 wraiths
  12 vampire mosquitoes
  A steam dragon (D:8)
  52 redbacks
  3 wargs
  Menkaure (D:6)
  Duvessa (D:7)
  16 swamp worms
  5 acid dragons
  17 water moccasins
  32 orc warriors
  6 black bears
  A swamp drake (Swamp:1)
  2 hell hounds (Orc:1)
  An ice beast (D:6)
  7 boggarts
  12 ogres
  37 wolves
  26 centaurs
  A phantom (D:5)
  2 elf zombies (Ossuary)
  3 kobold brigands
  14 bullfrogs
  2 elf skeletons (D:5)
  3 scorpions
  17 wights
  Dowan (D:7)
  12 killer bees
  2 elephant simulacra (Lair:3)
  2 electric eels (Lair:2)
  5 howler monkeys
  A crimson imp (D:7)
  3 hounds
  A jelly (D:6)
  2 human zombies
  17 orc priests
  3 gnoll boudas
  4 human skeletons (D:5)
  3 iguanas
  2 sleepcaps (D:6)
  18 orc wizards
  5 hell rats (Lair:4)
  A polar bear simulacrum (Lair:3)
  A wolf simulacrum (Lair:3)
  3 hound zombies (Ossuary)
  3 mummies (Ossuary)
  11 gnolls
  8 adders
  A shadow imp (D:6)
  3 white imps
  3 ufetubi
  3 adder zombies (Ossuary)
  2 worms
  5 dart slugs
  71 orcs
  6 bats
  A bat zombie (D:4)
  7 endoplasms
  2 giant cockroaches (D:1)
  3 gnoll zombies (Ossuary)
  11 goblins
  8 hobgoblins
  20 kobolds
  2 quokkas
  8 ball pythons
  10 frilled lizards
  4 goblin zombies (Ossuary)
  4 hobgoblin zombies (Ossuary)
  3 jackal zombies (Ossuary)
  4 kobold zombies (Ossuary)
  3 orc skeletons (D:5)
  2 orc zombies
  3 quokka zombies (Ossuary)
  A rat (D:2)
  4 rat zombies
1018 creatures vanquished.

Vanquished Creatures (others)
  A ghost crab (Swamp:2)
  2 bloated husks
  A spriggan (Swamp:4)
  An orc warrior (Orc:2)
  An orc wizard (D:11)
  10 foxfires (Swamp:3)
16 creatures vanquished.

Grand Total: 1034 creatures vanquished

Notes
Turn   | Place    | Note
-------+----------+-------------------------------------------
     0 | D:1      | qw the Gargoyle Fighter began the quest for the Orb.
     0 | D:1      | Reached XP level 1. HP: 14/14 MP: 1/1
     0 | D:1      | 0 ||| qw: Version: 0.3-a-2-g5ab2908
     0 | D:1      | 0 ||| qw: Game counter: 388
     0 | D:1      | 0 ||| qw: Always use a shield: true
     0 | D:1      | 0 ||| qw: God list: Okawaru
     0 | D:1      | 0 ||| qw: Allow faded altars: false
     0 | D:1      | 0 ||| qw: Do Orc after D:15 true
     0 | D:1      | 0 ||| qw: Do second Lair branch before Depths: true
     0 | D:1      | 0 ||| qw: Lair rune preference: random
     0 | D:1      | 0 ||| qw: Plans: Normal, Zot:1-4, Slime:5, God:TSO, Crypt,
                  | Tomb, Abyss, Pan, Hells, Win
     0 | D:1      | 0 ||| PLANNING D:1-11
    11 | D:1      | 11 ||| Stepping ~*~*~tactically~*~*~ (hiding).
    13 | D:1      | 13 ||| Stepping ~*~*~tactically~*~*~ (hiding).
    18 | D:1      | Reached skill level 2 in Axes
   265 | D:1      | Reached XP level 2. HP: 19/19 MP: 2/2
   399 | D:1      | 399 ||| DROPPING +0 club.
   663 | D:1      | 663 ||| UPGRADING to +0 tower shield.
   673 | D:1      | 673 ||| DROPPING +0 buckler.
   674 | D:1      | 674 ||| READING scroll labelled SIODOK SEPH.
   675 | D:1      | 675 ||| READING 2 scrolls labelled QOAHEMNOINA.
   680 | D:1      | 680 ||| READING scroll labelled XOMEAT IRAECK.
   681 | D:1      | 681 ||| READING scroll labelled IGETTI BAFOAHU.
   739 | D:2      | 739 ||| Stepping ~*~*~tactically~*~*~ (hiding).
   740 | D:2      | 740 ||| Stepping ~*~*~tactically~*~*~ (hiding).
   908 | D:2      | Reached XP level 3. HP: 23/23 MP: 3/3
   973 | D:2      | 973 ||| Stepping ~*~*~tactically~*~*~ (hiding).
  1052 | D:2      | 1052 ||| Stepping ~*~*~tactically~*~*~ (stealth).
  1076 | D:2      | 1076 ||| Stepping ~*~*~tactically~*~*~ (stealth).
  1145 | D:2      | 1145 ||| Stepping ~*~*~tactically~*~*~ (stealth).
  1148 | D:2      | 1148 ||| Stepping ~*~*~tactically~*~*~ (hiding).
  1352 | D:2      | 1352 ||| UPGRADING to +6 ring of strength.
  1353 | D:2      | 1353 ||| DRINKING 2 red potions.
  1354 | D:2      | 1354 ||| DROPPING potion of brilliance.
  1393 | D:3      | Found a faded altar of an unknown god.
  1402 | D:3      | Noticed a scorpion
  1416 | D:3      | Killed a scorpion
  1417 | D:3      | Reached XP level 4. HP: 27/28 MP: 4/4
  1483 | D:3      | 1483 ||| Stepping ~*~*~tactically~*~*~ (hiding).
  1520 | D:3      | Reached skill level 3 in Axes
  1520 | D:3      | Reached XP level 5. HP: 32/32 MP: 5/5
  1690 | D:3      | 1690 ||| Stepping ~*~*~tactically~*~*~ (stealth).
  1691 | D:3      | 1691 ||| Stepping ~*~*~tactically~*~*~ (stealth).
  1693 | D:3      | 1693 ||| Stepping ~*~*~tactically~*~*~ (hiding).
  1912 | D:3      | Found a hide-covered altar of Uskayaw.
  1912 | D:3      | Found a snail-covered altar of Cheibriados.
  1913 | D:3      | Found a broken altar of Ashenzari.
  1983 | D:3      | Found a stormy altar of Qazlal.
  2011 | D:3      | 2011 ||| Stepping ~*~*~tactically~*~*~ (stealth).
  2269 | D:3      | 2269 ||| DROPPING +0 mace.
  2383 | D:3      | 2383 ||| UPGRADING to +0 chain mail.
  2393 | D:3      | 2393 ||| DROPPING +0 scale mail.
  2394 | D:3      | 2394 ||| UPGRADING to amulet of faith.
  2399 | D:3      | 2399 ||| READING scroll labelled KIN DELEFFEA.
  2400 | D:3      | 2400 ||| READING scroll labelled KAXULO HEZO.
  2401 | D:3      | 2401 ||| READING scroll labelled HOMEPH REFIJONAPP.
  2402 | D:3      | 2402 ||| DRINKING 2 fizzy cyan potions.
  2403 | D:3      | 2403 ||| DROPPING potion of degeneration.
  2473 | D:4      | 2473 ||| Stepping ~*~*~tactically~*~*~ (stealth).
  2499 | D:4      | Found a blossoming altar of Fedhas.
  2542 | D:4      | Reached skill level 6 in Shields
  2544 | D:4      | 2544 ||| Stepping ~*~*~tactically~*~*~ (stealth).
  2683 | D:4      | Found a runed translucent door.
  2684 | D:4      | Noticed Crazy Yiuf
  2812 | D:4      | 2812 ||| Stepping ~*~*~tactically~*~*~ (stealth).
  2831 | D:4      | Reached XP level 6. HP: 31/37 MP: 6/6
  3191 | D:4      | Reached skill level 1 in Throwing
  3233 | D:4      | Found an ancient bone altar of Kikubaaqudgha.
  3418 | D:4      | 3418 ||| UPGRADING to +6 ring of dexterity.
  3419 | D:4      | 3419 ||| READING scroll labelled WORROO NYZUUR.
  3477 | D:5      | Entered Level 5 of the Dungeon
  3478 | D:5      | 3478 ||| PLANNING OSSUARY
  3519 | D:5      | Noticed a water moccasin
  3530 | D:5      | Killed a water moccasin
  3531 | D:5      | 3531 ||| FLEEEEING.
  3532 | D:5      | 3532 ||| FLEEEEING.
  3533 | D:5      | 3533 ||| FLEEEEING.
  3534 | D:5      | 3534 ||| FLEEEEING.
  3535 | D:5      | 3535 ||| FLEEEEING.
  3536 | D:5      | 3536 ||| FLEEEEING.
  3537 | D:5      | 3537 ||| FLEEEEING.
  3539 | D:5      | 3539 ||| FLEEEEING.
  3540 | D:5      | 3540 ||| FLEEEEING.
  3543 | D:5      | 3543 ||| FLEEEEING.
  3544 | D:5      | 3544 ||| FLEEEEING.
  3545 | D:5      | 3545 ||| FLEEEEING.
  3546 | D:5      | 3546 ||| STAIRDANCE
  3743 | D:5      | Reached XP level 7. HP: 40/41 MP: 7/7
  3777 | D:5      | Found Qanwupt's Distillery.
  3791 | D:5      | 3791 ||| BUYING 2 potions of heal wounds (120 gold).
  3791 | D:5      | Bought 2 potions of heal wounds for 120 gold pieces
  3791 | D:5      | 3791 ||| BUYING 2 potions of lignification (72 gold).
  3791 | D:5      | Bought 2 potions of lignification for 72 gold pieces
  3791 | D:5      | 3791 ||| SHOPLISTING 2 potions of mutation (192 gold, have
                  | 61).
  3791 | D:5      | 3791 ||| SHOPLISTING potion of cancellation (96 gold, have
                  | 61).
  3791 | D:5      | 3791 ||| SHOPLISTING potion of haste (120 gold, have 61).
  3791 | D:5      | 3791 ||| BUYING potion of heal wounds (60 gold).
  3791 | D:5      | Bought a potion of heal wounds for 60 gold pieces
  3791 | D:5      | 3791 ||| SHOPLISTING potion of might (48 gold, have 1).
  3791 | D:5      | 3791 ||| SHOPLISTING potion of mutation (96 gold, have 1).
  3791 | D:5      | 3791 ||| SHOPLISTING potion of resistance (120 gold, have
                  | 1).
  3842 | D:5      | Noticed Eustachio
  3870 | D:5      | HP: 9/41 [shadow imp[Eustachio] (4)]
  3871 | D:5      | 3871 ||| READING 3 scrolls of teleportation.
  3871 | D:5      | HP: 3/41 [shadow imp/nerve-wracking pain[Eustachio] (4)]
  3872 | D:5      | 3872 ||| DRINKING 4 potions of heal wounds.
  4003 | D:5      | Reached skill level 4 in Axes
  4035 | D:5      | Reached skill level 1 in Dodging
  4144 | D:5      | Found a sand-covered staircase.
  4146 | D:5      | 4146 ||| DROPPING ring of positive energy.
  4147 | D:5      | 4147 ||| DRINKING 3 fuming ruby potions.
  4151 | Ossuary  | Entered an ossuary
  4326 | Ossuary  | Reached XP level 8. HP: 46/46 MP: 8/8
  4442 | Ossuary  | Reached skill level 5 in Axes
  4558 | Ossuary  | 4558 ||| READING scroll labelled JIUGOXT QIFFIZ.
  4559 | Ossuary  | 4559 ||| READING scroll labelled XELICET ATUQEWN.
  4660 | Ossuary  | 4660 ||| READING 2 scrolls of identify.
  4660 | Ossuary  | 4660 ||| IDENTIFYING dark potion
  4668 | D:5      | 4668 ||| PLANNING D:1-11
  4737 | D:5      | 4737 ||| DRINKING 2 potions of curing.
  4737 | D:5      | 4737 ||| (to cure confusion)
  4738 | D:5      | 4738 ||| FLEEEEING.
  4772 | D:5      | Killed Eustachio
  4773 | D:5      | Reached skill level 9 in Shields
  5110 | D:6      | 5110 ||| Stepping ~*~*~tactically~*~*~ (stealth).
  5148 | D:6      | 5148 ||| Stepping ~*~*~tactically~*~*~ (hiding).
  5328 | D:6      | Reached skill level 6 in Axes
  5395 | D:6      | HP: 8/48 [ice beast (11)]
  5396 | D:6      | 5396 ||| READING 3 scrolls of teleportation.
  5397 | D:6      | 5397 ||| DRINKING 3 potions of heal wounds.
  5556 | D:6      | HP: 8/48 [orc priest/divine providence (10)]
  5557 | D:6      | 5557 ||| READING 2 scrolls of teleportation.
  5558 | D:6      | 5558 ||| DRINKING 2 potions of heal wounds.
  5560 | D:6      | Reached XP level 9. HP: 27/52 MP: 9/9
  5560 | D:6      | 5560 ||| FLEEEEING.
  5561 | D:6      | 5561 ||| FLEEEEING.
  5562 | D:6      | 5562 ||| FLEEEEING.
  5563 | D:6      | 5563 ||| FLEEEEING.
  5564 | D:6      | 5564 ||| STAIRDANCE
  5648 | D:5      | 5648 ||| READING scroll labelled AKHLEL HAGAE.
  5649 | D:5      | 5649 ||| READING 2 scrolls of identify.
  5649 | D:5      | 5649 ||| IDENTIFYING emerald potion
  5656 | D:6      | 5656 ||| Stepping ~*~*~tactically~*~*~ (hiding).
  5661 | D:6      | 5661 ||| Stepping ~*~*~tactically~*~*~ (stealth).
  5806 | D:6      | Noticed Menkaure
  5814 | D:6      | Killed Menkaure
  5820 | D:6      | 5820 ||| Stepping ~*~*~tactically~*~*~ (stealth).
  5821 | D:6      | 5821 ||| FLEEEEING.
  5822 | D:6      | 5822 ||| FLEEEEING.
  5823 | D:6      | 5823 ||| FLEEEEING.
  5824 | D:6      | 5824 ||| FLEEEEING.
  5825 | D:6      | 5825 ||| FLEEEEING.
  5826 | D:6      | 5826 ||| FLEEEEING.
  5827 | D:6      | 5827 ||| FLEEEEING.
  5828 | D:6      | 5828 ||| FLEEEEING.
  5829 | D:6      | 5829 ||| STAIRDANCE
  5902 | D:5      | 5902 ||| READING 2 scrolls of identify.
  5902 | D:5      | 5902 ||| IDENTIFYING bubbling orange potion
  5948 | D:6      | Found a bloodstained altar of Trog.
  5961 | D:6      | 5961 ||| Stepping ~*~*~tactically~*~*~ (hiding).
  5984 | D:6      | Found a sparkling altar of Nemelex Xobeh.
  5984 | D:6      | Found an opulent altar of Gozag.
  6243 | D:6      | 6243 ||| Stepping ~*~*~tactically~*~*~ (stealth).
  6311 | D:6      | 6311 ||| UPGRADING to +0 plate armour.
  6321 | D:6      | 6321 ||| DROPPING +0 chain mail.
  6409 | D:7      | Reached skill level 7 in Axes
  6416 | D:7      | 6416 ||| FLEEEEING.
  6417 | D:7      | 6417 ||| FLEEEEING.
  6418 | D:7      | 6418 ||| DRINKING potion of curing.
  6418 | D:7      | 6418 ||| (to cure confusion)
  6419 | D:7      | 6419 ||| FLEEEEING.
  6420 | D:7      | 6420 ||| FLEEEEING.
  6421 | D:7      | 6421 ||| STAIRDANCE
  6554 | D:7      | Noticed Dowan
  6560 | D:7      | Noticed Duvessa
  6563 | D:7      | Killed Dowan
  6579 | D:7      | HP: 10/54 [Duvessa/+0 rapier (8)]
  6580 | D:7      | 6580 ||| READING scroll of teleportation.
  6581 | D:7      | 6581 ||| DRINKING potion of heal wounds.
  6819 | D:7      | Found a staircase to the Ecumenical Temple.
  6820 | D:7      | 6820 ||| PLANNING TEMPLE
  6820 | D:7      | 6820 ||| UPGRADING to ring of see invisible.
  6829 | Temple   | Entered the Ecumenical Temple
  6839 | Temple   | 6839 ||| PLANNING OKAWARU WORSHIP
  6846 | Temple   | Became a worshipper of Warmaster Okawaru
  6847 | Temple   | 6847 ||| PLANNING D:1-11
  6946 | D:7      | 6946 ||| DROPPING +0 morningstar.
  6965 | D:7      | 6965 ||| Stepping ~*~*~tactically~*~*~ (stealth).
  7096 | D:7      | 7096 ||| Stepping ~*~*~tactically~*~*~ (hiding).
  7106 | D:7      | 7106 ||| Stepping ~*~*~tactically~*~*~ (stealth).
  7114 | D:7      | Reached * piety under Okawaru
  7145 | D:7      | Found Luvuf's Antique Weapon Boutique.
  7240 | D:7      | Reached skill level 1 in Invocations
  7282 | D:7      | Found a burning altar of Makhleb.
  7362 | D:7      | 7362 ||| INVOKING Heroism.
  7430 | D:7      | 7430 ||| INVOKING Heroism.
  7447 | D:7      | 7447 ||| INVOKING Heroism.
  7449 | D:7      | Killed Duvessa
  7450 | D:7      | Reached XP level 10. HP: 17/59 MP: 8/12
  7690 | D:7      | 7690 ||| UPGRADING to +0 cloak.
  7735 | D:8      | 7735 ||| INVOKING Heroism.
  7736 | D:8      | 7736 ||| Stepping ~*~*~tactically~*~*~ (cloud).
  7738 | D:8      | 7738 ||| Stepping ~*~*~tactically~*~*~ (hiding).
  7751 | D:8      | Reached skill level 3 in Invocations
  7856 | D:8      | Noticed Prince Ribbit
  7870 | D:8      | Killed Prince Ribbit
  7907 | D:8      | Identified the +3 mace of Gunyl {elec, *Corrode rElec rF+
                  | Int+3}
  7954 | D:8      | 7954 ||| INVOKING Heroism.
  7966 | D:8      | Reached skill level 8 in Axes
  8029 | D:8      | Found a glowing golden altar of the Shining One.
  8244 | D:8      | 8244 ||| INVOKING Heroism.
  8248 | D:8      | Reached skill level 6 in Fighting
  8333 | D:8      | Found a white marble altar of Elyvilon.
  8440 | D:8      | 8440 ||| INVOKING Heroism.
  8717 | D:8      | Found a shadowy altar of Dithmenos.
  8721 | D:8      | Noticed Maggie
  8722 | D:8      | 8722 ||| Stepping ~*~*~tactically~*~*~ (hiding).
  8730 | D:8      | 8730 ||| INVOKING Heroism.
  8733 | D:8      | HP: 3/60 [Maggie/bolt of fire (28)]
  8737 | D:8      | Killed Maggie
  8928 | D:8      | 8928 ||| READING 2 scrolls of identify.
  8928 | D:8      | 8928 ||| IDENTIFYING fizzy emerald potion
  8929 | D:8      | 8929 ||| DROPPING potion of invisibility.
  9011 | D:9      | Noticed a two-headed ogre
  9012 | D:9      | 9012 ||| INVOKING Heroism.
  9018 | D:9      | Killed a two-headed ogre
  9018 | D:9      | Reached ** piety under Okawaru
  9019 | D:9      | Reached skill level 9 in Axes
  9075 | D:9      | 9075 ||| Stepping ~*~*~tactically~*~*~ (stealth).
  9104 | D:9      | Identified the ring "Amamuf" {rF+ rCorr Int-5 Slay+2}
  9254 | D:9      | 9254 ||| Stepping ~*~*~tactically~*~*~ (hiding).
  9281 | D:9      | Found a staircase to the Orcish Mines.
  9284 | D:9      | 9284 ||| Stepping ~*~*~tactically~*~*~ (hiding).
  9287 | D:9      | 9287 ||| Stepping ~*~*~tactically~*~*~ (hiding).
  9380 | D:9      | 9380 ||| Stepping ~*~*~tactically~*~*~ (stealth).
  9381 | D:9      | 9381 ||| Stepping ~*~*~tactically~*~*~ (stealth).
  9382 | D:9      | 9382 ||| INVOKING Heroism.
  9384 | D:9      | 9384 ||| Stepping ~*~*~tactically~*~*~ (stealth).
  9405 | D:9      | 9405 ||| INVOKING Heroism.
  9549 | D:9      | Reached *** piety under Okawaru
  9688 | D:9      | 9688 ||| Stepping ~*~*~tactically~*~*~ (stealth).
  9690 | D:9      | Noticed Maurice
  9691 | D:9      | 9691 ||| Stepping ~*~*~tactically~*~*~ (stealth).
  9703 | D:9      | Reached skill level 12 in Shields
  9707 | D:9      | Reached XP level 11. HP: 66/66 MP: 14/14
  9712 | D:9      | 9712 ||| FLEEEEING.
  9717 | D:9      | 9717 ||| Stepping ~*~*~tactically~*~*~ (hiding).
  9718 | D:9      | 9718 ||| Stepping ~*~*~tactically~*~*~ (hiding).
  9733 | D:9      | 9733 ||| Stepping ~*~*~tactically~*~*~ (hiding).
  9738 | D:9      | 9738 ||| Stepping ~*~*~tactically~*~*~ (hiding).
  9750 | D:9      | Killed Maurice
 10003 | D:9      | Noticed a deep elf pyromancer
 10004 | D:9      | 10004 ||| Stepping ~*~*~tactically~*~*~ (hiding).
 10016 | D:9      | Killed a deep elf pyromancer
 10016 | D:9      | Reached **** piety under Okawaru
 10167 | D:9      | 10167 ||| UPGRADING to +1 cloak of stealth.
 10177 | D:9      | 10177 ||| DROPPING +0 cloak.
 10178 | D:9      | 10178 ||| DROPPING +6 ring of dexterity.
 10179 | D:9      | 10179 ||| READING 3 scrolls of identify.
 10179 | D:9      | 10179 ||| IDENTIFYING bubbling black potion
 10207 | D:10     | Entered Level 10 of the Dungeon
 10236 | D:10     | Found a glowing silver altar of Zin.
 10335 | D:10     | 10335 ||| Stepping ~*~*~tactically~*~*~ (hiding).
 10467 | D:10     | Noticed a two-headed ogre
 10468 | D:10     | 10468 ||| INVOKING Heroism.
 10474 | D:10     | Killed a two-headed ogre
 10525 | D:10     | 10525 ||| Stepping ~*~*~tactically~*~*~ (stealth).
 10537 | D:10     | Reached skill level 10 in Axes
 10547 | D:10     | 10547 ||| INVOKING Heroism.
 10621 | D:10     | 10621 ||| READING scroll of enchant weapon.
 10621 | D:10     | 10621 ||| ENCHANTING +1 war axe.
 10761 | D:10     | Found a radiant altar of Vehumet.
 10762 | D:10     | 10762 ||| Stepping ~*~*~tactically~*~*~ (stealth).
 10764 | D:10     | 10764 ||| Stepping ~*~*~tactically~*~*~ (hiding).
 10766 | D:10     | 10766 ||| INVOKING Heroism.
 11044 | D:10     | 11044 ||| READING scroll labelled YRO SOYTRYPH.
 11045 | D:10     | 11045 ||| READING scroll labelled QAANAOMEOL.
 11098 | D:11     | Found a portal to a secret trove of treasure.
 11196 | D:11     | Found a staircase to the Lair.
 11209 | D:11     | 11209 ||| INVOKING Heroism.
 11274 | D:11     | 11274 ||| Stepping ~*~*~tactically~*~*~ (hiding).
 11276 | D:11     | 11276 ||| Stepping ~*~*~tactically~*~*~ (hiding).
 11279 | D:11     | 11279 ||| INVOKING Heroism.
 11377 | D:11     | Noticed a two-headed ogre
 11378 | D:11     | 11378 ||| INVOKING Heroism.
 11383 | D:11     | Killed a two-headed ogre
 11485 | D:11     | 11485 ||| INVOKING Heroism.
 11500 | D:11     | Reached skill level 6 in Invocations
 11515 | D:11     | 11515 ||| FLEEEEING.
 11537 | D:11     | 11537 ||| FLEEEEING.
 11538 | D:11     | 11538 ||| FLEEEEING.
 11539 | D:11     | 11539 ||| FLEEEEING.
 11540 | D:11     | 11540 ||| FLEEEEING.
 11543 | D:11     | 11543 ||| Stepping ~*~*~tactically~*~*~ (hiding).
 11550 | D:11     | 11550 ||| INVOKING Heroism.
 11557 | D:11     | Reached skill level 6 in Armour
 11887 | D:11     | 11887 ||| PLANNING LAIR
 11910 | Lair:1   | Entered Level 1 of the Lair of Beasts
 11911 | Lair:1   | 11911 ||| INVOKING Heroism.
 11918 | Lair:1   | 11918 ||| Stepping ~*~*~tactically~*~*~ (stealth).
 11934 | Lair:1   | Reached ***** piety under Okawaru
 11935 | Lair:1   | 11935 ||| INVOKING Heroism.
 11944 | Lair:1   | 11944 ||| Stepping ~*~*~tactically~*~*~ (stealth).
 12031 | Lair:1   | Noticed a four-headed hydra
 12032 | Lair:1   | 12032 ||| INVOKING Heroism.
 12033 | Lair:1   | 12033 ||| INVOKING Finesse.
 12035 | Lair:1   | 12035 ||| Stepping ~*~*~tactically~*~*~ (stealth).
 12036 | Lair:1   | 12036 ||| Stepping ~*~*~tactically~*~*~ (stealth).
 12039 | Lair:1   | 12039 ||| SWAPPING to +5 morningstar of freezing.
 12040 | Lair:1   | 12040 ||| SWAPPING to +2 war axe.
 12041 | Lair:1   | 12041 ||| SWAPPING to +5 morningstar of freezing.
 12042 | Lair:1   | 12042 ||| SWAPPING to +2 war axe.
 12043 | Lair:1   | 12043 ||| SWAPPING to +5 morningstar of freezing.
 12044 | Lair:1   | 12044 ||| SWAPPING to +2 war axe.
 12045 | Lair:1   | 12045 ||| SWAPPING to +5 morningstar of freezing.
 12046 | Lair:1   | 12046 ||| SWAPPING to +2 war axe.
 12047 | Lair:1   | 12047 ||| SWAPPING to +5 morningstar of freezing.
 12048 | Lair:1   | 12048 ||| SWAPPING to +2 war axe.
 12049 | Lair:1   | 12049 ||| SWAPPING to +5 morningstar of freezing.
 12050 | Lair:1   | 12050 ||| SWAPPING to +2 war axe.
 12051 | Lair:1   | 12051 ||| SWAPPING to +5 morningstar of freezing.
 12052 | Lair:1   | 12052 ||| SWAPPING to +2 war axe.
 12053 | Lair:1   | 12053 ||| SWAPPING to +5 morningstar of freezing.
 12054 | Lair:1   | 12054 ||| SWAPPING to +2 war axe.
 12055 | Lair:1   | 12055 ||| SWAPPING to +5 morningstar of freezing.
 12056 | Lair:1   | 12056 ||| SWAPPING to +2 war axe.
 12057 | Lair:1   | 12057 ||| SWAPPING to +5 morningstar of freezing.
 12058 | Lair:1   | 12058 ||| SWAPPING to +2 war axe.
 12059 | Lair:1   | 12059 ||| SWAPPING to +5 morningstar of freezing.
 12060 | Lair:1   | 12060 ||| SWAPPING to +2 war axe.
 12061 | Lair:1   | 12061 ||| SWAPPING to +5 morningstar of freezing.
 12062 | Lair:1   | 12062 ||| SWAPPING to +2 war axe.
 12063 | Lair:1   | 12063 ||| SWAPPING to +5 morningstar of freezing.
 12064 | Lair:1   | 12064 ||| SWAPPING to +2 war axe.
 12065 | Lair:1   | 12065 ||| SWAPPING to +5 morningstar of freezing.
 12066 | Lair:1   | 12066 ||| SWAPPING to +2 war axe.
 12067 | Lair:1   | 12067 ||| SWAPPING to +5 morningstar of freezing.
 12068 | Lair:1   | 12068 ||| SWAPPING to +2 war axe.
 12069 | Lair:1   | 12069 ||| SWAPPING to +5 morningstar of freezing.
 12070 | Lair:1   | 12070 ||| SWAPPING to +2 war axe.
 12071 | Lair:1   | 12071 ||| SWAPPING to +5 morningstar of freezing.
 12072 | Lair:1   | 12072 ||| SWAPPING to +2 war axe.
 12073 | Lair:1   | 12073 ||| SWAPPING to +5 morningstar of freezing.
 12074 | Lair:1   | 12074 ||| INVOKING Heroism.
 12075 | Lair:1   | 12075 ||| SWAPPING to +2 war axe.
 12076 | Lair:1   | 12076 ||| SWAPPING to +5 morningstar of freezing.
 12077 | Lair:1   | 12077 ||| SWAPPING to +2 war axe.
 12078 | Lair:1   | 12078 ||| SWAPPING to +5 morningstar of freezing.
 12078 | Lair:1   | HP: 8/67 [four-headed hydra (12)]
 12079 | Lair:1   | 12079 ||| READING 2 scrolls of teleportation.
 12080 | Lair:1   | 12080 ||| SWAPPING to +2 war axe.
 12081 | Lair:1   | 12081 ||| SWAPPING to +5 morningstar of freezing.
 12081 | Lair:1   | HP: 3/67 [four-headed hydra (5)]
 12082 | Lair:1   | 12082 ||| SWAPPING to +2 war axe.
 12083 | Lair:1   | 12083 ||| SWAPPING to +5 morningstar of freezing.
 12084 | Lair:1   | 12084 ||| SWAPPING to +2 war axe.
 12085 | Lair:1   | 12085 ||| SWAPPING to +5 morningstar of freezing.
 12086 | Lair:1   | 12086 ||| SWAPPING to +2 war axe.
 12087 | Lair:1   | 12087 ||| SWAPPING to +5 morningstar of freezing.
 12088 | Lair:1   | 12088 ||| SWAPPING to +2 war axe.
 12089 | Lair:1   | 12089 ||| READING scroll of teleportation.
 12091 | Lair:1   | HP: 4/67 [komodo dragon (1)]
 12093 | Lair:1   | 12093 ||| FLEEEEING.
 12292 | Lair:1   | 12292 ||| INVOKING Heroism.
 12296 | Lair:1   | Reached XP level 12. HP: 72/72 MP: 14/17
 12311 | Lair:1   | 12311 ||| Stepping ~*~*~tactically~*~*~ (stealth).
 12323 | Lair:1   | 12323 ||| PLANNING LAIR
 12363 | Lair:1   | 12363 ||| INVOKING Heroism.
 12411 | Lair:1   | 12411 ||| Stepping ~*~*~tactically~*~*~ (stealth).
 12413 | Lair:1   | 12413 ||| Stepping ~*~*~tactically~*~*~ (stealth).
 12416 | Lair:1   | 12416 ||| Stepping ~*~*~tactically~*~*~ (stealth).
 12419 | Lair:1   | 12419 ||| INVOKING Heroism.
 12427 | Lair:1   | Received a gift from Okawaru
 12439 | Lair:1   | Received a gift from Okawaru
 12447 | Lair:1   | Reached skill level 3 in Throwing
 12591 | Lair:1   | 12591 ||| INVOKING Heroism.
 12592 | Lair:1   | 12592 ||| INVOKING Finesse.
 12597 | Lair:1   | 12597 ||| SWAPPING to +5 morningstar of freezing.
 12601 | Lair:1   | Killed a four-headed hydra
 12602 | Lair:1   | Reached skill level 9 in Invocations
 12602 | Lair:1   | 12602 ||| SWAPPING to +2 war axe.
 12766 | Lair:1   | 12766 ||| INVOKING Heroism.
 12824 | Lair:1   | You fall into a shaft and drop 1 floor!
 12943 | Lair:2   | 12943 ||| INVOKING Heroism.
 12945 | Lair:2   | Noticed a five-headed hydra
 12946 | Lair:2   | 12946 ||| INVOKING Finesse.
 12955 | Lair:2   | 12955 ||| SWAPPING to +5 morningstar of freezing.
 12960 | Lair:2   | Killed a five-headed hydra
 12961 | Lair:2   | 12961 ||| SWAPPING to +2 war axe.
 13141 | Lair:2   | 13141 ||| UPGRADING to +0 pair of gloves.
 13146 | Lair:2   | 13146 ||| READING 3 scrolls of identify.
 13146 | Lair:2   | 13146 ||| IDENTIFYING purple potion
 13147 | Lair:2   | 13147 ||| DRINKING potion of experience.
 13147 | Lair:2   | Reached XP level 13. HP: 78/78 MP: 19/21
 13158 | Lair:2   | Received a gift from Okawaru
 13337 | Lair:1   | 13337 ||| Stepping ~*~*~tactically~*~*~ (stealth).
 13351 | Lair:1   | Received a gift from Okawaru
 13356 | Lair:1   | Reached skill level 11 in Axes
 13649 | Lair:2   | 13649 ||| Stepping ~*~*~tactically~*~*~ (stealth).
 13734 | Lair:2   | 13734 ||| Stepping ~*~*~tactically~*~*~ (stealth).
 13739 | Lair:2   | 13739 ||| Stepping ~*~*~tactically~*~*~ (hiding).
 13740 | Lair:2   | Noticed Amaemon
 13741 | Lair:2   | 13741 ||| INVOKING Heroism.
 13743 | Lair:2   | 13743 ||| Stepping ~*~*~tactically~*~*~ (hiding).
 13747 | Lair:2   | Noticed Fannar
 13774 | Lair:2   | 13774 ||| Stepping ~*~*~tactically~*~*~ (water).
 13780 | Lair:2   | Killed Amaemon
 13786 | Lair:2   | Killed Fannar
 14032 | Lair:2   | Identified the +10 spear of the Spider Nest {heavy, rCorr
                  | Dex+2}
 14195 | Lair:2   | Noticed Gastronok
 14196 | Lair:2   | 14196 ||| INVOKING Heroism.
 14212 | Lair:2   | Killed Gastronok
 14540 | Lair:2   | 14540 ||| UPGRADING to +2 cloak.
 14550 | Lair:2   | 14550 ||| DROPPING +1 cloak of stealth.
 14583 | Lair:3   | 14583 ||| INVOKING Heroism.
 14595 | Lair:3   | Received a gift from Okawaru
 14631 | Lair:3   | 14631 ||| INVOKING Heroism.
 14637 | Lair:3   | Gained mutation: Your large and strong wings let you fly.
                  | [Gargoyle growth]
 14637 | Lair:3   | Reached XP level 14. HP: 84/84 MP: 19/22
 14722 | Lair:3   | 14722 ||| INVOKING Heroism.
 14753 | Lair:3   | 14753 ||| Stepping ~*~*~tactically~*~*~ (stealth).
 14776 | Lair:3   | 14776 ||| Stepping ~*~*~tactically~*~*~ (stealth).
 14837 | Lair:3   | 14837 ||| Stepping ~*~*~tactically~*~*~ (hiding).
 14839 | Lair:3   | 14839 ||| INVOKING Heroism.
 14905 | Lair:3   | 14905 ||| Stepping ~*~*~tactically~*~*~ (stealth).
 14908 | Lair:3   | 14908 ||| INVOKING Heroism.
 14909 | Lair:3   | 14909 ||| Stepping ~*~*~tactically~*~*~ (hiding).
 14913 | Lair:3   | 14913 ||| SWAPPING to +1 demon whip of venom.
 14921 | Lair:3   | Reached skill level 9 in Fighting
 14928 | Lair:3   | 14928 ||| SWAPPING to +2 war axe.
 14930 | Lair:3   | 14930 ||| SWAPPING to +1 demon whip of venom.
 14939 | Lair:3   | 14939 ||| SWAPPING to +2 war axe.
 15029 | Lair:3   | Found a staircase to the Swamp.
 15069 | Lair:3   | 15069 ||| Stepping ~*~*~tactically~*~*~ (stealth).
 15070 | Lair:3   | 15070 ||| INVOKING Heroism.
 15124 | Lair:3   | 15124 ||| INVOKING Heroism.
 15160 | Lair:3   | 15160 ||| Stepping ~*~*~tactically~*~*~ (stealth).
 15169 | Lair:3   | 15169 ||| SWAPPING to +1 demon whip of venom.
 15172 | Lair:3   | 15172 ||| SWAPPING to +2 war axe.
 15175 | Lair:3   | 15175 ||| Stepping ~*~*~tactically~*~*~ (stealth).
 15524 | Lair:3   | Reached skill level 12 in Axes
 15642 | Lair:3   | Identified the +5 sling of Fimbulwinter {speed, rElec rPois
                  | Dex+5}
 15741 | Lair:3   | Found a hole to the Spider Nest.
 15941 | Lair:3   | Received a gift from Okawaru
 16116 | Lair:3   | 16116 ||| DROPPING amulet of the acrobat.
 16153 | Lair:4   | 16153 ||| STAIRDANCE
 16276 | Lair:4   | 16276 ||| Stepping ~*~*~tactically~*~*~ (stealth).
 16284 | Lair:4   | 16284 ||| INVOKING Heroism.
 16303 | Lair:4   | 16303 ||| INVOKING Finesse.
 16307 | Lair:4   | Received a gift from Okawaru
 16313 | Lair:4   | 16313 ||| SWAPPING to +1 demon whip of venom.
 16315 | Lair:4   | 16315 ||| SWAPPING to +2 war axe.
 16436 | Lair:4   | 16436 ||| INVOKING Heroism.
 16437 | Lair:4   | 16437 ||| INVOKING Finesse.
 16443 | Lair:4   | Received a gift from Okawaru
 16485 | Lair:4   | Received a gift from Okawaru
 16538 | Lair:4   | 16538 ||| READING 3 scrolls of enchant weapon.
 16538 | Lair:4   | 16538 ||| ENCHANTING +2 war axe.
 16539 | Lair:4   | 16539 ||| READING 2 scrolls of enchant weapon.
 16539 | Lair:4   | 16539 ||| ENCHANTING +3 war axe.
 16540 | Lair:4   | 16540 ||| READING scroll of enchant weapon.
 16540 | Lair:4   | 16540 ||| ENCHANTING +4 war axe.
 17362 | Lair:5   | Entered Level 5 of the Lair of Beasts
 17366 | Lair:5   | 17366 ||| INVOKING Heroism.
 17367 | Lair:5   | 17367 ||| SWAPPING to +1 demon whip of venom.
 17368 | Lair:5   | 17368 ||| INVOKING Finesse.
 17379 | Lair:5   | 17379 ||| SWAPPING to +5 war axe.
 17390 | Lair:5   | 17390 ||| Stepping ~*~*~tactically~*~*~ (stealth).
 17401 | Lair:5   | 17401 ||| Stepping ~*~*~tactically~*~*~ (stealth).
 17411 | Lair:5   | 17411 ||| Stepping ~*~*~tactically~*~*~ (stealth).
 17412 | Lair:5   | 17412 ||| Stepping ~*~*~tactically~*~*~ (stealth).
 17467 | Lair:5   | 17467 ||| Stepping ~*~*~tactically~*~*~ (stealth).
 17468 | Lair:5   | 17468 ||| Stepping ~*~*~tactically~*~*~ (stealth).
 17469 | Lair:5   | 17469 ||| Stepping ~*~*~tactically~*~*~ (stealth).
 17499 | Lair:5   | Received a gift from Okawaru
 17501 | Lair:5   | 17501 ||| Stepping ~*~*~tactically~*~*~ (stealth).
 17502 | Lair:5   | 17502 ||| Stepping ~*~*~tactically~*~*~ (stealth).
 17503 | Lair:5   | 17503 ||| INVOKING Heroism.
 17504 | Lair:5   | 17504 ||| INVOKING Finesse.
 17506 | Lair:5   | 17506 ||| Stepping ~*~*~tactically~*~*~ (stealth).
 17530 | Lair:5   | Reached skill level 13 in Axes
 17534 | Lair:5   | Reached skill level 15 in Shields
 17546 | Lair:5   | Reached skill level 9 in Armour
 17567 | Lair:5   | 17567 ||| Stepping ~*~*~tactically~*~*~ (stealth).
 17593 | Lair:5   | 17593 ||| INVOKING Heroism.
 17596 | Lair:5   | 17596 ||| INVOKING Finesse.
 17631 | Lair:5   | Reached XP level 15. HP: 89/92 MP: 19/23
 18201 | Lair:5   | Reached skill level 14 in Axes
 18285 | Lair:5   | 18285 ||| INVOKING Heroism.
 18286 | Lair:5   | 18286 ||| INVOKING Finesse.
 18290 | Lair:5   | 18290 ||| SWAPPING to +1 demon whip of venom.
 18297 | Lair:5   | 18297 ||| SWAPPING to +5 war axe.
 18382 | Lair:5   | 18382 ||| Stepping ~*~*~tactically~*~*~ (stealth).
 18411 | Lair:5   | Noticed Josephine
 18412 | Lair:5   | 18412 ||| Stepping ~*~*~tactically~*~*~ (hiding).
 18422 | Lair:5   | Killed Josephine
 18430 | Lair:5   | Found a staircase to the Slime Pits.
 18431 | Lair:5   | Found a viscous altar of Jiyva.
 18463 | Lair:5   | 18463 ||| INVOKING Heroism.
 18538 | Lair:5   | 18538 ||| INVOKING Heroism.
 18539 | Lair:5   | 18539 ||| INVOKING Finesse.
 18583 | Lair:5   | 18583 ||| Stepping ~*~*~tactically~*~*~ (stealth).
 18602 | Lair:5   | 18602 ||| INVOKING Heroism.
 18603 | Lair:5   | 18603 ||| Stepping ~*~*~tactically~*~*~ (stealth).
 18605 | Lair:5   | 18605 ||| SWAPPING to +1 demon whip of venom.
 18612 | Lair:5   | 18612 ||| SWAPPING to +5 war axe.
 18754 | Lair:5   | 18754 ||| Stepping ~*~*~tactically~*~*~ (stealth).
 18779 | Lair:5   | 18779 ||| INVOKING Heroism.
 18859 | Lair:5   | 18859 ||| Stepping ~*~*~tactically~*~*~ (stealth).
 18883 | Lair:5   | Received a gift from Okawaru
 18959 | Lair:5   | 18959 ||| Stepping ~*~*~tactically~*~*~ (stealth).
 18961 | Lair:5   | 18961 ||| INVOKING Heroism.
 18964 | Lair:5   | 18964 ||| INVOKING Finesse.
 19081 | Lair:5   | 19081 ||| PLANNING D
 19081 | Lair:5   | 19081 ||| DROPPING +4 chain mail.
 19082 | Lair:5   | 19082 ||| UPGRADING to +0 helmet.
 19214 | D:12     | 19214 ||| STAIRDANCE
 19216 | D:11     | 19216 ||| DRINKING 5 potions of curing.
 19216 | D:11     | 19216 ||| (to cure confusion)
 19239 | D:12     | 19239 ||| READING scroll of enchant weapon.
 19239 | D:12     | 19239 ||| ENCHANTING +5 war axe.
 19372 | D:12     | 19372 ||| INVOKING Heroism.
 19766 | D:12     | 19766 ||| Stepping ~*~*~tactically~*~*~ (hiding).
 19769 | D:12     | 19769 ||| Stepping ~*~*~tactically~*~*~ (hiding).
 19805 | D:12     | 19805 ||| Stepping ~*~*~tactically~*~*~ (hiding).
 19806 | D:12     | 19806 ||| Stepping ~*~*~tactically~*~*~ (hiding).
 19862 | D:12     | 19862 ||| FLEEEEING.
 19863 | D:12     | 19863 ||| FLEEEEING.
 19867 | D:12     | 19867 ||| FLEEEEING.
 19868 | D:12     | 19868 ||| FLEEEEING.
 19875 | D:12     | 19875 ||| Stepping ~*~*~tactically~*~*~ (hiding).
 19991 | D:12     | 19991 ||| READING 4 scrolls of identify.
 19991 | D:12     | 19991 ||| IDENTIFYING fizzy yellow potion
 20017 | D:13     | 20017 ||| Stepping ~*~*~tactically~*~*~ (stealth).
 20018 | D:13     | 20018 ||| Stepping ~*~*~tactically~*~*~ (stealth).
 20070 | D:13     | 20070 ||| Stepping ~*~*~tactically~*~*~ (stealth).
 20071 | D:13     | 20071 ||| Stepping ~*~*~tactically~*~*~ (stealth).
 20156 | D:13     | Identified the +3 ring mail of the Zebra {rC+}
 20168 | D:13     | 20168 ||| INVOKING Heroism.
 20171 | D:13     | 20171 ||| SWAPPING to +1 demon whip of venom.
 20176 | D:13     | 20176 ||| SWAPPING to +6 war axe.
 20256 | D:13     | 20256 ||| Stepping ~*~*~tactically~*~*~ (hiding).
 20257 | D:13     | 20257 ||| Stepping ~*~*~tactically~*~*~ (hiding).
 20277 | D:13     | 20277 ||| Stepping ~*~*~tactically~*~*~ (stealth).
 20287 | D:13     | 20287 ||| INVOKING Heroism.
 20290 | D:13     | HP: 17/94 [cyclops (21)]
 20291 | D:13     | 20291 ||| READING 5 scrolls of teleportation.
 20292 | D:13     | 20292 ||| DRINKING 3 potions of heal wounds.
 20618 | D:13     | 20618 ||| INVOKING Heroism.
 20730 | D:13     | Received a gift from Okawaru
 20966 | D:13     | 20966 ||| Stepping ~*~*~tactically~*~*~ (hiding).
 21086 | D:13     | 21086 ||| Stepping ~*~*~tactically~*~*~ (hiding).
 21088 | D:13     | 21088 ||| Stepping ~*~*~tactically~*~*~ (hiding).
 21090 | D:13     | 21090 ||| Stepping ~*~*~tactically~*~*~ (hiding).
 21091 | D:13     | 21091 ||| INVOKING Heroism.
 21093 | D:13     | Paralysed by an ogre mage for 5 turns
 21189 | D:13     | Found a gate to the Vaults.
 21233 | D:13     | 21233 ||| READING scroll labelled MIENGA QOM SIOH.
 21403 | D:14     | 21403 ||| Stepping ~*~*~tactically~*~*~ (hiding).
 21404 | D:14     | 21404 ||| Stepping ~*~*~tactically~*~*~ (hiding).
 21479 | D:14     | 21479 ||| Stepping ~*~*~tactically~*~*~ (stealth).
 21485 | D:14     | 21485 ||| INVOKING Heroism.
 22019 | D:15     | Entered Level 15 of the Dungeon
 22062 | D:15     | 22062 ||| Stepping ~*~*~tactically~*~*~ (hiding).
 22073 | D:15     | 22073 ||| INVOKING Heroism.
 22241 | D:15     | 22241 ||| INVOKING Heroism.
 22259 | D:15     | Received a gift from Okawaru
 22260 | D:15     | Reached XP level 16. HP: 68/100 MP: 24/24
 22502 | D:15     | 22502 ||| READING scroll of enchant weapon.
 22502 | D:15     | 22502 ||| ENCHANTING +6 war axe.
 22527 | D:15     | 22527 ||| Stepping ~*~*~tactically~*~*~ (stealth).
 22632 | D:15     | 22632 ||| Stepping ~*~*~tactically~*~*~ (stealth).
 22634 | D:15     | 22634 ||| Stepping ~*~*~tactically~*~*~ (stealth).
 22642 | D:15     | 22642 ||| INVOKING Heroism.
 22644 | D:15     | 22644 ||| Stepping ~*~*~tactically~*~*~ (hiding).
 22652 | D:15     | Reached skill level 15 in Axes
 22680 | D:15     | Found Pew Rup's General Store.
 22699 | D:15     | 22699 ||| BUYING potion of curing (60 gold).
 22699 | D:15     | Bought a potion of curing for 60 gold pieces
 22699 | D:15     | 22699 ||| BUYING scroll of identify (40 gold).
 22699 | D:15     | Bought a scroll of identify for 40 gold pieces
 22805 | D:15     | Reached skill level 3 in Dodging
 22835 | D:15     | 22835 ||| SWAPPING to +2 vampiric broad axe.
 23005 | D:15     | 23005 ||| INVOKING Heroism.
 23167 | D:15     | 23167 ||| INVOKING Heroism.
 23417 | D:15     | 23417 ||| FLEEEEING.
 23418 | D:15     | 23418 ||| FLEEEEING.
 23419 | D:15     | 23419 ||| FLEEEEING.
 23420 | D:15     | 23420 ||| FLEEEEING.
 23422 | D:15     | 23422 ||| FLEEEEING.
 23424 | D:15     | 23424 ||| FLEEEEING.
 23425 | D:15     | 23425 ||| FLEEEEING.
 23426 | D:15     | 23426 ||| FLEEEEING.
 23427 | D:15     | 23427 ||| FLEEEEING.
 23428 | D:15     | 23428 ||| FLEEEEING.
 23429 | D:15     | 23429 ||| FLEEEEING.
 23430 | D:15     | 23430 ||| FLEEEEING.
 23431 | D:15     | 23431 ||| FLEEEEING.
 23432 | D:15     | 23432 ||| FLEEEEING.
 23433 | D:15     | 23433 ||| FLEEEEING.
 23435 | D:15     | 23435 ||| FLEEEEING.
 23436 | D:15     | 23436 ||| FLEEEEING.
 23437 | D:15     | 23437 ||| STAIRDANCE
 23455 | D:14     | 23455 ||| Stepping ~*~*~tactically~*~*~ (stealth).
 23618 | D:15     | 23618 ||| Stepping ~*~*~tactically~*~*~ (hiding).
 23636 | D:15     | Found a staircase to the Depths.
 23637 | D:15     | 23637 ||| INVOKING Heroism.
 23648 | D:15     | Reached skill level 12 in Fighting
 23896 | D:15     | 23896 ||| PLANNING ORC
 24016 | Orc:1    | Entered Level 1 of the Orcish Mines
 24017 | Orc:1    | 24017 ||| INVOKING Heroism.
 24159 | Orc:1    | 24159 ||| Stepping ~*~*~tactically~*~*~ (hiding).
 24165 | Orc:1    | 24165 ||| INVOKING Heroism.
 24212 | Orc:1    | 24212 ||| Stepping ~*~*~tactically~*~*~ (stealth).
 24215 | Orc:1    | 24215 ||| Stepping ~*~*~tactically~*~*~ (stealth).
 24557 | Orc:1    | Found a dark tunnel.
 24619 | Orc:2    | Entered Level 2 of the Orcish Mines
 24619 | Orc:2    | Found a staircase to the Elven Halls.
 24648 | Orc:2    | 24648 ||| Stepping ~*~*~tactically~*~*~ (hiding).
 24649 | Orc:2    | 24649 ||| Stepping ~*~*~tactically~*~*~ (hiding).
 24650 | Orc:2    | 24650 ||| Stepping ~*~*~tactically~*~*~ (hiding).
 24653 | Orc:2    | 24653 ||| Stepping ~*~*~tactically~*~*~ (hiding).
 24660 | Orc:2    | Received a gift from Okawaru
 24671 | Orc:2    | 24671 ||| INVOKING Heroism.
 24697 | Orc:2    | 24697 ||| Stepping ~*~*~tactically~*~*~ (hiding).
 24706 | Orc:2    | 24706 ||| Stepping ~*~*~tactically~*~*~ (hiding).
 24733 | Orc:2    | 24733 ||| DROPPING +7 war axe.
 24970 | Orc:2    | 24970 ||| Stepping ~*~*~tactically~*~*~ (hiding).
 25263 | Orc:2    | 25263 ||| Stepping ~*~*~tactically~*~*~ (hiding).
 25264 | Orc:2    | 25264 ||| Stepping ~*~*~tactically~*~*~ (hiding).
 25288 | Orc:2    | Found Qyzxext's Assorted Antiques.
 25288 | Orc:2    | Found Uwnu's Magic Scroll Shop.
 25289 | Orc:2    | Found Wosochyd's Jewellery Boutique.
 25297 | Orc:2    | Found Yttedyuqiw's Jewellery Emporium.
 25301 | Orc:2    | 25301 ||| BUYING 2 potions of curing (174 gold).
 25301 | Orc:2    | Bought 2 potions of curing for 174 gold pieces
 25301 | Orc:2    | 25301 ||| BUYING potion of enlightenment (145 gold).
 25301 | Orc:2    | Bought a potion of enlightenment for 145 gold pieces
 25301 | Orc:2    | 25301 ||| BUYING scratched pearl ring (145 gold).
 25301 | Orc:2    | Bought a scratched pearl ring for 145 gold pieces
 25301 | Orc:2    | 25301 ||| BUYING scroll of teleportation (87 gold).
 25301 | Orc:2    | Bought a scroll of teleportation for 87 gold pieces
 25302 | Orc:2    | 25302 ||| BUYING scroll of acquirement (520 gold).
 25302 | Orc:2    | Bought a scroll of acquirement for 520 gold pieces
 25302 | Orc:2    | 25302 ||| BUYING scroll of identify (20 gold).
 25302 | Orc:2    | Bought a scroll of identify for 20 gold pieces
 25302 | Orc:2    | 25302 ||| BUYING scroll of identify (20 gold).
 25302 | Orc:2    | Bought a scroll of identify for 20 gold pieces
 25302 | Orc:2    | 25302 ||| READING scroll of acquirement.
 25302 | Orc:2    | 25302 ||| ACQUIRING +2 vampiric broad axe
 25302 | Orc:2    | Acquired a +2 vampiric broad axe
 25311 | Orc:2    | 25311 ||| BUYING +5 ring of evasion (612 gold).
 25311 | Orc:2    | Bought a +5 ring of evasion for 612 gold pieces
 25311 | Orc:2    | 25311 ||| BUYING ring of fire (425 gold).
 25311 | Orc:2    | Bought a ring of fire for 425 gold pieces
 25311 | Orc:2    | 25311 ||| SHOPLISTING ring of protection from cold (425
                  | gold, have 125).
 25311 | Orc:2    | 25311 ||| SHOPLISTING ring of resist corrosion (340 gold,
                  | have 125).
 25526 | Orc:2    | 25526 ||| PLANNING SWAMP:1-3
 25526 | Orc:2    | 25526 ||| UPGRADING to +5 ring of evasion.
 25528 | Orc:2    | 25528 ||| UPGRADING to +5 ring of evasion.
 25530 | Orc:2    | 25530 ||| DROPPING +6 ring of strength.
 25531 | Orc:2    | 25531 ||| DROPPING ring of see invisible.
 25723 | Swamp:1  | Entered Level 1 of the Swamp
 25733 | Swamp:1  | Reached skill level 6 in Throwing
 25886 | Swamp:1  | 25886 ||| INVOKING Heroism.
 25903 | Swamp:1  | 25903 ||| INVOKING Heroism.
 25908 | Swamp:1  | Received a gift from Okawaru
 26076 | Swamp:1  | 26076 ||| Stepping ~*~*~tactically~*~*~ (hiding).
 26079 | Swamp:1  | 26079 ||| INVOKING Heroism.
 26081 | Swamp:1  | 26081 ||| SWAPPING to +1 demon whip of venom.
 26106 | Swamp:1  | 26106 ||| SWAPPING to +2 vampiric broad axe.
 26137 | Swamp:1  | Noticed a fenstrider witch
 26138 | Swamp:1  | 26138 ||| Stepping ~*~*~tactically~*~*~ (hiding).
 26140 | Swamp:1  | 26140 ||| INVOKING Heroism.
 26140 | Swamp:1  | Paralysed by a fenstrider witch for 2 turns
 26150 | Swamp:1  | Paralysed by a fenstrider witch for 5 turns
 26161 | Swamp:1  | Killed a fenstrider witch
 26430 | Swamp:2  | 26430 ||| Stepping ~*~*~tactically~*~*~ (hiding).
 26431 | Swamp:2  | 26431 ||| Stepping ~*~*~tactically~*~*~ (hiding).
 26432 | Swamp:2  | 26432 ||| Stepping ~*~*~tactically~*~*~ (hiding).
 26434 | Swamp:2  | 26434 ||| Stepping ~*~*~tactically~*~*~ (hiding).
 26435 | Swamp:2  | 26435 ||| INVOKING Heroism.
 26479 | Swamp:2  | 26479 ||| INVOKING Heroism.
 26549 | Swamp:2  | 26549 ||| Stepping ~*~*~tactically~*~*~ (hiding).
 26557 | Swamp:2  | 26557 ||| INVOKING Heroism.
 26675 | Swamp:2  | 26675 ||| INVOKING Heroism.
 26780 | Swamp:2  | 26780 ||| INVOKING Heroism.
 26784 | Swamp:2  | 26784 ||| SWAPPING to +1 demon whip of venom.
 26796 | Swamp:2  | 26796 ||| SWAPPING to +2 vampiric broad axe.
 26892 | Swamp:2  | Reached skill level 16 in Axes
 26915 | Swamp:2  | 26915 ||| INVOKING Heroism.
 26965 | Swamp:2  | 26965 ||| INVOKING Heroism.
 27217 | Swamp:2  | 27217 ||| DROPPING amulet of magic regeneration.
 27218 | Swamp:2  | 27218 ||| DROPPING ring of wizardry.
 27219 | Swamp:2  | 27219 ||| READING scroll labelled ACHUUD QIMAT.
 27313 | Swamp:3  | 27313 ||| Stepping ~*~*~tactically~*~*~ (hiding).
 27314 | Swamp:3  | 27314 ||| INVOKING Heroism.
 27358 | Swamp:3  | Noticed Jorgrun
 27385 | Swamp:3  | Killed Jorgrun
 27386 | Swamp:3  | Reached XP level 17. HP: 71/106 MP: 25/25
 27395 | Swamp:3  | 27395 ||| INVOKING Heroism.
 27493 | Swamp:3  | 27493 ||| INVOKING Heroism.
 27497 | Swamp:3  | 27497 ||| SWAPPING to +1 demon whip of venom.
 27499 | Swamp:3  | 27499 ||| SWAPPING to +2 vampiric broad axe.
 27502 | Swamp:3  | 27502 ||| Stepping ~*~*~tactically~*~*~ (stealth).
 27504 | Swamp:3  | 27504 ||| Stepping ~*~*~tactically~*~*~ (stealth).
 27505 | Swamp:3  | 27505 ||| Stepping ~*~*~tactically~*~*~ (stealth).
 27534 | Swamp:3  | 27534 ||| INVOKING Heroism.
 27775 | Swamp:3  | 27775 ||| Stepping ~*~*~tactically~*~*~ (hiding).
 27776 | Swamp:3  | 27776 ||| Stepping ~*~*~tactically~*~*~ (hiding).
 27777 | Swamp:3  | 27777 ||| INVOKING Heroism.
 27778 | Swamp:3  | 27778 ||| SWAPPING to +1 demon whip of venom.
 27786 | Swamp:3  | 27786 ||| SWAPPING to +2 vampiric broad axe.
 27799 | Swamp:3  | Paralysed by a fenstrider witch for 3 turns
 27802 | Swamp:3  | 27802 ||| Stepping ~*~*~tactically~*~*~ (hiding).
 27826 | Swamp:3  | Reached skill level 12 in Armour
 27855 | Swamp:3  | 27855 ||| Stepping ~*~*~tactically~*~*~ (hiding).
 27909 | Swamp:3  | 27909 ||| INVOKING Heroism.
 27913 | Swamp:3  | 27913 ||| SWAPPING to +1 demon whip of venom.
 27917 | Swamp:3  | Received a gift from Okawaru
 27918 | Swamp:3  | 27918 ||| SWAPPING to +2 vampiric broad axe.
 28133 | Swamp:3  | 28133 ||| INVOKING Heroism.
 28230 | Swamp:3  | 28230 ||| Stepping ~*~*~tactically~*~*~ (hiding).
 28232 | Swamp:3  | 28232 ||| Stepping ~*~*~tactically~*~*~ (hiding).
 28233 | Swamp:3  | 28233 ||| Stepping ~*~*~tactically~*~*~ (hiding).
 28524 | Swamp:3  | 28524 ||| PLANNING SPIDER:1-3
 28524 | Swamp:3  | 28524 ||| UPGRADING to +2 helmet.
 28534 | Swamp:3  | 28534 ||| DROPPING +0 helmet.
 28535 | Swamp:3  | 28535 ||| DROPPING +6 ring of intelligence.
 28638 | Spider:1 | Entered Level 1 of the Spider Nest
 28676 | Spider:1 | 28676 ||| Stepping ~*~*~tactically~*~*~ (stealth).
 28677 | Spider:1 | 28677 ||| Stepping ~*~*~tactically~*~*~ (hiding).
 28747 | Spider:1 | 28747 ||| INVOKING Heroism.
 28799 | Spider:1 | 28799 ||| Stepping ~*~*~tactically~*~*~ (stealth).
 28802 | Spider:1 | 28802 ||| Stepping ~*~*~tactically~*~*~ (stealth).
 28805 | Spider:1 | 28805 ||| Stepping ~*~*~tactically~*~*~ (hiding).
 28807 | Spider:1 | 28807 ||| Stepping ~*~*~tactically~*~*~ (hiding).
 28839 | Spider:1 | Received a gift from Okawaru
 29070 | Spider:1 | Reached skill level 17 in Axes
 29205 | Spider:1 | 29205 ||| Stepping ~*~*~tactically~*~*~ (stealth).
 29206 | Spider:1 | 29206 ||| Stepping ~*~*~tactically~*~*~ (stealth).
 29279 | Spider:1 | 29279 ||| Stepping ~*~*~tactically~*~*~ (stealth).
 29283 | Spider:1 | 29283 ||| Stepping ~*~*~tactically~*~*~ (stealth).
 29581 | Spider:1 | 29581 ||| Stepping ~*~*~tactically~*~*~ (stealth).
 29590 | Spider:1 | 29590 ||| DRINKING 12 potions of curing.
 29590 | Spider:1 | 29590 ||| (to cure confusion)
 29592 | Spider:1 | 29592 ||| INVOKING Heroism.
 29594 | Spider:1 | Received a gift from Okawaru
 29617 | Spider:1 | 29617 ||| DROPPING +1 helmet.
 29654 | Spider:2 | 29654 ||| Stepping ~*~*~tactically~*~*~ (hiding).
 29655 | Spider:2 | 29655 ||| Stepping ~*~*~tactically~*~*~ (hiding).
 29662 | Spider:2 | 29662 ||| INVOKING Heroism.
 29865 | Spider:2 | 29865 ||| INVOKING Heroism.
 29885 | Spider:2 | 29885 ||| READING 10 scrolls of teleportation.
 29890 | Spider:2 | 29890 ||| READING 9 scrolls of teleportation.
 29896 | Spider:2 | 29896 ||| READING 8 scrolls of teleportation.
 29978 | Spider:2 | 29978 ||| INVOKING Heroism.
 30160 | Spider:2 | 30160 ||| DRINKING 2 potions of cancellation.
 30161 | Spider:2 | 30161 ||| INVOKING Heroism.
 30219 | Spider:2 | 30219 ||| DRINKING potion of cancellation.
 30288 | Spider:2 | 30288 ||| INVOKING Heroism.
 30354 | Spider:2 | 30354 ||| READING 7 scrolls of teleportation.
 30359 | Spider:2 | 30359 ||| READING 6 scrolls of teleportation.
 30360 | Spider:2 | Noticed Arachne
 30569 | Spider:2 | 30569 ||| INVOKING Finesse.
 30620 | Spider:2 | 30620 ||| INVOKING Heroism.
 30639 | Spider:2 | 30639 ||| Stepping ~*~*~tactically~*~*~ (hiding).
 30643 | Spider:2 | Killed Arachne
 30643 | Spider:2 | Received a gift from Okawaru
 30644 | Spider:2 | 30644 ||| INVOKING Finesse.
 30660 | Spider:2 | 30660 ||| Stepping ~*~*~tactically~*~*~ (hiding).
 30723 | Spider:2 | 30723 ||| Stepping ~*~*~tactically~*~*~ (stealth).
 30740 | Spider:2 | 30740 ||| Stepping ~*~*~tactically~*~*~ (hiding).
 30752 | Spider:2 | Received a gift from Okawaru
 30891 | Spider:2 | 30891 ||| Stepping ~*~*~tactically~*~*~ (stealth).
 30979 | Spider:2 | 30979 ||| Stepping ~*~*~tactically~*~*~ (stealth).
 30984 | Spider:2 | 30984 ||| Stepping ~*~*~tactically~*~*~ (stealth).
 30986 | Spider:2 | 30986 ||| Stepping ~*~*~tactically~*~*~ (stealth).
 31021 | Spider:2 | Received a gift from Okawaru
 31048 | Spider:2 | 31048 ||| Stepping ~*~*~tactically~*~*~ (stealth).
 31071 | Spider:2 | 31071 ||| Stepping ~*~*~tactically~*~*~ (stealth).
 31117 | Spider:2 | Reached XP level 18. HP: 107/114 MP: 26/26
 31130 | Spider:2 | 31130 ||| INVOKING Heroism.
 31225 | Spider:2 | 31225 ||| DROPPING +5 morningstar of freezing.
 31226 | Spider:2 | 31226 ||| DROPPING +1 demon whip of venom.
 31315 | Spider:2 | 31315 ||| Stepping ~*~*~tactically~*~*~ (stealth).
 31318 | Spider:2 | 31318 ||| Stepping ~*~*~tactically~*~*~ (hiding).
 31327 | Spider:2 | 31327 ||| INVOKING Finesse.
 31568 | Spider:2 | Gained mutation: You sometimes lose your temper in combat.
                  | [a cacodemon]
 31570 | Spider:2 | Gained mutation: Your magical capacity is low. (-10% MP) [a
                  | cacodemon]
 31796 | Spider:2 | 31796 ||| DRINKING 3 potions of mutation.
 31796 | Spider:2 | Lost mutation: Your magical capacity is low. (-10% MP)
                  | [potion of mutation]
 31796 | Spider:2 | Lost mutation: You sometimes lose your temper in combat.
                  | [potion of mutation]
 31796 | Spider:2 | Gained mutation: You are clumsy. (Dex -2) [potion of
                  | mutation]
 31796 | Spider:2 | Gained mutation: You expend magic power (3 MP) to
                  | strengthen your wands. [potion of mutation]
 31834 | Spider:2 | Gained mutation: You sometimes lose your temper in combat.
                  | [mutagenic glow]
 31841 | Spider:2 | Gained mutation: You are dopey. (Int -2) [mutagenic glow]
 31843 | Spider:2 | 31843 ||| DRINKING 2 potions of mutation.
 31843 | Spider:2 | Lost mutation: You are dopey. (Int -2) [potion of mutation]
 31843 | Spider:2 | Lost mutation: You are clumsy. (Dex -2) [potion of
                  | mutation]
 31843 | Spider:2 | Gained mutation: Your mind is acute. (Int +4, Str/Dex -1)
                  | [potion of mutation]
 31843 | Spider:2 | Gained mutation: You occasionally lose the ability to read
                  | scrolls when taking damage. [potion of mutation]
 31843 | Spider:2 | Gained mutation: You sometimes lose the ability to read
                  | scrolls when taking damage. [potion of mutation]
 31843 | Spider:2 | Gained mutation: You have a somewhat thin skeletal
                  | structure. (Dex +2, Stealth+) [potion of mutation]
 31844 | Spider:2 | 31844 ||| DRINKING potion of mutation.
 31844 | Spider:2 | Lost mutation: You have a somewhat thin skeletal structure.
                  | (Dex +2, Stealth+) [potion of mutation]
 31844 | Spider:2 | Lost mutation: You sometimes lose your temper in combat.
                  | [potion of mutation]
 31844 | Spider:2 | Gained mutation: Your magical capacity is low. (-10% MP)
                  | [potion of mutation]
 31844 | Spider:2 | Gained mutation: You passively map a small area around you.
                  | [potion of mutation]
 31860 | Spider:2 | Gained mutation: You are vulnerable to cold. (rC-)
                  | [mutagenic glow]
 31944 | Spider:2 | 31944 ||| UPGRADING to ring "Amamuf" {rF+ rCorr Int-5
                  | Slay+2}.
 32030 | Spider:3 | 32030 ||| STAIRDANCE
 32047 | Spider:3 | 32047 ||| DRINKING 11 potions of curing.
 32047 | Spider:3 | 32047 ||| (to cure confusion)
 32083 | Spider:3 | 32083 ||| Stepping ~*~*~tactically~*~*~ (stealth).
 32084 | Spider:3 | 32084 ||| Stepping ~*~*~tactically~*~*~ (stealth).
 32085 | Spider:3 | 32085 ||| Stepping ~*~*~tactically~*~*~ (stealth).
 32106 | Spider:3 | 32106 ||| Stepping ~*~*~tactically~*~*~ (stealth).
 32110 | Spider:3 | 32110 ||| Stepping ~*~*~tactically~*~*~ (stealth).
 32121 | Spider:3 | 32121 ||| INVOKING Heroism.
 32132 | Spider:3 | Reached skill level 18 in Axes
 32138 | Spider:3 | 32138 ||| Stepping ~*~*~tactically~*~*~ (hiding).
 32144 | Spider:3 | 32144 ||| INVOKING Heroism.
 32154 | Spider:3 | 32154 ||| INVOKING Finesse.
 32155 | Spider:3 | Received a gift from Okawaru
 32274 | Spider:3 | 32274 ||| INVOKING Heroism.
 32296 | Spider:3 | Received a gift from Okawaru
 32336 | Spider:3 | 32336 ||| READING 5 scrolls of teleportation.
 32598 | Spider:3 | 32598 ||| Stepping ~*~*~tactically~*~*~ (stealth).
 32717 | Spider:3 | 32717 ||| PLANNING SWAMP:4
 32717 | Spider:3 | 32717 ||| READING scroll labelled AHOEKKASTU.
 32867 | Swamp:4  | Entered Level 4 of the Swamp
 32868 | Swamp:4  | 32868 ||| INVOKING Heroism.
 32943 | Swamp:4  | Received a gift from Okawaru
 32945 | Swamp:4  | 32945 ||| INVOKING Heroism.
 32952 | Swamp:4  | HP: 24/114 [nine-headed hydra[a spriggan druid] (14)]
 32953 | Swamp:4  | 32953 ||| DRINKING 7 potions of heal wounds.
 32953 | Swamp:4  | HP: 1/114 [nine-headed hydra[a spriggan druid] (15)]
 32953 | Swamp:4  | Demolished by a nine-headed hydra

Levels and vault maps discovered:
D:1:      grunt_arrival_lava_bath, layout_loops_ring
D:2:      layout_loops_cross, minmay_lizard_king
D:3:      layout_loops_corners, mainiacjoe_overflow_catwalk,
          gammafunk_temple_overflow_claw, hellmonk_ecumenical_altar_lost_god,
          minmay_bisected
D:4:      layout_basic, mainiacjoe_overflow_24_doors,
          lemuel_zombie_altar_kikubaaqudgha, serial_aquarium,
          aquarium_bridge_long_joined [aquarium_subvault_wall,
          aquarium_subvault_window, aquarium_subvault_wall,
          aquarium_subvault_bridge, aquarium_subvault_wall,
          aquarium_subvault_wall], aquarium_bridge_square
          [aquarium_subvault_wall, aquarium_subvault_bridge,
          aquarium_subvault_window, aquarium_subvault_bridge],
          aquarium_window_corner, aquarium_window_1, aquarium_view_2d,
          aquarium_pool_S, corner_web_ring, glass_columns_a,
          uniq_crazy_yiuf_cottage
D:5:      layout_cave_pools, nicolae_ossuary_entry_catacombs, serial_shops,
          nicolae_diamond_shop, uniq_eustachio
D:6:      layout_loops_ring, lightli_temple_of_fire,
          grunt_temple_overflow_opulence, uniq_menkaure
D:7:      layout_gridville, makhleb_grotto_becter, minmay_temple_entry_ruins,
          serial_shops, shop, dreamdust_mushroom_princess, uniq_duvessa
D:8:      layout_loops_cross, nicolae_elyvilon_temple_path,
          nicolae_dithmenos_through_a_glass_darkly, tso_metal_star, uniq_maggie,
          uniq_prince_ribbit1
D:9:      layout_loops_ring, minmay_orc_entry_temple_large, enter_bailey_5,
          hangedman_decor_points, uniq_maurice
D:10:     layout_loops_ring, nicolae_vehumet_altar_sigil, zin_treasury
D:11:     layout_loops_ring, due_lair_maze_entry_diamond, serial_glass,
          glass_columns_a, glass_columns_b, glass_columns_a, glass_columns_a,
          glass_columns_a, glass_columns_a, nicolae_trove_entry_isolated,
          minmay_misc_feat_cross
D:12:     layout_cave_pools, nrook_guardian_serpent_double
D:13:     layout_irregular_city, david_vaults_2, nicolae_elevator_lobby_asterisk
D:14:     layout_basic, minmay_misc_feat_four_crosses
D:15:     grunt_enter_depths_snipers, layout_layer_cave, serial_rivers,
          chequers_serial_rivers_large_a, chequers_serial_rivers_micro_a,
          chequers_serial_rivers_micro_a, chequers_serial_rivers_micro_a,
          chequers_serial_rivers_room_a, serial_shops, shop
Temple:   hellmonk_temple_two_chambers
Lair:1:   layout_regular_city, st_stairs_7, minivault_25
Lair:2:   layout_hall_layers, serial_bayou_ford_a, uniq_gastronok, uniq_amaemon,
          uniq_fannar
Lair:3:   layout_cave_pods, palyth_hydra_swamp_entry, dummy_spider_entry,
          portal_ice_cave_entry_ice_simulacra, kilobyte_rumbling_trees,
          lemuel_fruit_tree
Lair:4:   layout_hall_layers, grunt_megastairs_4, serial_bayou_shore_b,
          serial_bayou_shore_b
Lair:5:   minmay_lair_end_enchanted_forest, layout_regular_city, slime_entry_1,
          pdpol_lair_neglected_garden, grunt_megastairs_5, uniq_josephine
Swamp:1:  layout_falls_marsh, evilmike_swamp_ruin_house_2,
          infiniplex_staircase_pool
Swamp:2:  layout_basic_swamp, evilmike_swamp_ruin_rubble_1,
          infiniplex_staircase_pool_2
Swamp:3:  layout_basic_swamp, nicolae_swamp_rocky_clearing, uniq_jorgrun
Swamp:4:  swamp_vile, layout_basic_swamp
Spider:1: layout_spider_delve
Spider:2: layout_spider_delve, nicolae_spider_orb_run, uniq_arachne
Spider:3: layout_spider_delve
Orc:1:    layout_diamond_mine, enter_volcano_3
Orc:2:    st_orc_rangers, layout_caves, nicolae_orc_pool_cavern

Skill      XL: |  1  2  3  4  5  6  7  8  9 10 11 12 13 14 15 16 17 18 |
---------------+-------------------------------------------------------+-----
Axes           | 2 3 4 6 7 9 10 11 13 14 16 17 18 | 18.0
Shields        | 5 6 7 8 9 10 12 13 15 16 17 | 17.8
Throwing       | 1 2 3 4 5 6 7 |  7.0
Dodging        | 1 2 3 |  3.0
Fighting       | 4 5 6 7 8 10 11 12 13 | 13.2
Armour         | 4 5 6 8 9 10 11 12 13 | 13.0
Invocations    | 2 4 7 11 | 11.5

Action                     |  1- 3 |  4- 6 |  7- 9 | 10-12 | 13-15 | 16-18 || total
---------------------------+-------+-------+-------+-------+-------+-------++-------
  Melee: War axe           |    86 |   117 |   501 |   521 |   970 |    57 ||  2252
         Morningstar       |       |       |       |     7 |       |       ||     7
         Demon whip        |       |       |       |       |    47 |    46 ||    93
         Broad axe         |       |       |       |       |       |  1655 ||  1655
  Throw: Javelin           |    10 |    47 |    18 |    39 |   153 |    95 ||   362
         Boomerang         |       |       |    27 |    40 |   209 |   182 ||   458
 Invoke: Heroism           |       |       |     3 |    26 |    28 |    39 ||    96
         Finesse           |       |       |       |     3 |     8 |     4 ||    15
    Use: Scroll            |     4 |     4 |    10 |     8 |     7 |    10 ||    43
         Potion            |     1 |     1 |     7 |     1 |     2 |     8 ||    20
   Stab: Confused          |       |       |       |       |       |     4 ||     4
 Armour: Scale mail        |    37 |    15 |       |       |       |       ||    52
         Chain mail        |       |    64 |   227 |       |       |       ||   291
         Plate armour      |       |       |    57 |   249 |   481 |   809 ||  1596
  Dodge: Dodged            |    25 |    26 |   148 |   116 |   215 |   906 ||  1436
  Block: Tower shield      |    37 |    91 |   460 |   509 |   887 |  1958 ||  3942
         Buckler           |     7 |       |       |       |       |       ||     7

Table legend:
 A = Non-vault XP
 B = Vault XP
 C = Vault XP percentage of total XP
 D = Non-vault monster count
 E = Vault monster count
 F = Vault count percentage of total count
                 A         B        C        D         E       F
            +---------+---------+-------+---------+---------+-------
      Total |  205516 |   48912 |  19.2 |     777 |     244 |  23.9
            +---------+---------+-------+---------+---------+-------
        D:1 |      25 |       0 |   0.0 |      12 |       0 |   0.0
        D:2 |      28 |       7 |  20.0 |      14 |       7 |  33.3
        D:3 |     140 |       8 |   5.4 |      17 |       4 |  19.0
        D:4 |     175 |       3 |   1.7 |      23 |       2 |   8.0
        D:5 |     339 |     569 |  62.7 |      12 |      12 |  50.0
        D:6 |     961 |     165 |  14.7 |      27 |       1 |   3.6
        D:7 |    1641 |     273 |  14.3 |      39 |       3 |   7.1
        D:8 |    1251 |     678 |  35.1 |      15 |       2 |  11.8
        D:9 |    2958 |    1028 |  25.8 |      25 |      25 |  50.0
       D:10 |    1667 |       0 |   0.0 |      22 |       0 |   0.0
       D:11 |    1762 |    1409 |  44.4 |      13 |      10 |  43.5
       D:12 |    4552 |     421 |   8.5 |      21 |       1 |   4.5
       D:13 |    7956 |    2492 |  23.9 |      19 |       3 |  13.6
       D:14 |    5659 |       0 |   0.0 |      14 |       0 |   0.0
       D:15 |   15004 |    2716 |  15.3 |      35 |       3 |   7.9
     Lair:1 |   10206 |     431 |   4.1 |      46 |       2 |   4.2
     Lair:2 |    4805 |    3495 |  42.1 |      25 |       4 |  13.8
     Lair:3 |    8274 |    4313 |  34.3 |      32 |      18 |  36.0
     Lair:4 |    9475 |    2338 |  19.8 |      32 |       6 |  15.8
     Lair:5 |   14226 |   13416 |  48.5 |      35 |      52 |  59.8
    Swamp:1 |   10550 |       0 |   0.0 |      21 |       0 |   0.0
    Swamp:2 |   13294 |       0 |   0.0 |      23 |       0 |   0.0
    Swamp:3 |   16760 |    1759 |   9.5 |      35 |       1 |   2.8
    Swamp:4 |    9317 |       0 |   0.0 |      15 |       0 |   0.0
   Spider:1 |   15555 |       0 |   0.0 |      50 |       0 |   0.0
   Spider:2 |   27297 |    8088 |  22.9 |      70 |      11 |  13.6
   Spider:3 |   16129 |       0 |   0.0 |      38 |       0 |   0.0
      Orc:1 |    3829 |     275 |   6.7 |      28 |       2 |   6.7
      Orc:2 |    1681 |    4635 |  73.4 |      19 |      38 |  66.7
    Ossuary |       0 |     393 | 100.0 |       0 |      37 | 100.0
            +---------+---------+-------+---------+---------+-------
